 Dungeon Crawl Stone Soup version 0.29.1-12-g30fa7ad0bf (webtiles) character file.

Game seed: 2222753191741390468

1983 MysteronAgent613 the Ruffian (level 9, -1/84 HPs)
             Began as a Troll Berserker on Dec 29, 2022.
             Was an Elder of Trog.
             Slain by a bullfrog (6 damage)
             ... on level 7 of the Dungeon.
             The game lasted 00:19:10 (3731 turns).

MysteronAgent613 the Ruffian (Troll Berserker)      Turns: 3731, Time: 00:19:11

Health: -1/84      AC:  7    Str: 27    XL:     9   Next: 1%
Magic:  8/8        EV: 10    Int:  7    God:    Trog [****..]
Gold:   93         SH:  0    Dex:  9    Spells: 8/8 levels left

rFire   . . .      SeeInvis +   k - +1 giant spiked club
rCold   . . .      Faith    +   (shield currently unavailable)
rNeg    . . .      Spirit   .   u - +0 steam dragon scales
rPois   .          Reflect  .   (helmet restricted)
rElec   .          Harm     .   (no cloak)
rCorr   .          Rampage  .   (gloves unavailable)
Will    .....                   (boots unavailable)
Stlth   ++........              l - amulet of faith
HPRegen 1.04/turn               q - ring of see invisible
MPRegen 0.11/turn               (no ring)

@: lethally poisoned (-1 -> -3), on berserk cooldown, slowed, very slow
A: large, unfitting armour, claws 3, regeneration 1, shaggy fur 1, tough skin 1
a: Renounce Religion, Berserk, Trog's Hand, Brothers in Arms


You were on level 7 of the Dungeon.
You worshipped Trog.
Trog was greatly pleased with you.
You visited 1 branch of the dungeon, and saw 7 of its levels.

You collected 254 gold pieces.
You spent 161 gold pieces at shops.

Inventory:

Hand Weapons
 h - a +4 antimagic quarterstaff
 k - a +1 giant spiked club (weapon)
 n - the +5 whip "Wono" {vorpal, rPois Will+ Int-5}
   (You found it on level 3 of the Dungeon)

   It inflicts extra damage upon your enemies.
   Int:       It affects your intelligence (-5).
   rPois:     It protects you from poison.
   Will:      It increases your willpower.
Missiles
 f - 3 poisoned darts (quivered)
Armour
 a - a +1 animal skin
 j - a +2 robe of the Archmagi
 u - +0 steam dragon scales (worn)
Jewellery
 l - an amulet of faith (around neck)
 q - a ring of see invisible (left claw)
Scrolls
 d - a scroll of blinking
 e - 4 scrolls of teleportation
 o - a scroll of vulnerability
Potions
 b - 3 potions of haste
 c - 3 potions of flight
 g - a potion of might
 i - a potion of heal wounds {unknown}
 p - 2 potions of curing {unknown}
 r - 2 potions of cancellation {unknown}
 s - a potion of attraction {unknown}


   Skills:
 * Level 4.0 Fighting
 * Level 1.6(2.0) Maces & Flails
 * Level 1.2(1.6) Staves
 * Level 2.4 Throwing
 * Level 2.5 Armour
 * Level 4.9 Dodging
 * Level 1.9 Stealth
 * Level 7.3 Unarmed Combat
 * Level 2.0 Evocations


You had 8 spell levels left.
You didn't know any spells.
Your spell library was empty.

Dungeon Overview and Level Annotations

Branches:
Dungeon (7/15)             Temple (0/1) D:7

Altars:
Ashenzari
Makhleb
Qazlal
Uskayaw
Wu Jian
Yredelemnul

Shops:
D:6 (

Portals:
Bailey: D:7


Innate Abilities, Weirdness & Mutations

You are too large for most types of armour.
You have claws for hands.
Your natural rate of healing is unusually fast.
You are covered in fur. (AC +1)
You have tough skin. (AC +1)


Message History

The bullfrog closely misses you.
The orc warrior hits you with a +4 battleaxe of venom!
You are more poisoned.
You barely miss the bullfrog.
You feel extremely sick. The bullfrog hits you. x2
The orc warrior hits you with a +4 battleaxe of venom.
You are more poisoned.
The bullfrog attacks as you move away! The bullfrog hits you.
You feel very sick.
You feel a strong urge to attack something.
You feel very sick.
You completely miss the bullfrog.
You feel extremely sick. The bullfrog completely misses you.
The bullfrog hits you but does no damage.
You barely miss the bullfrog.
You feel very sick. The bullfrog barely misses you.
The bullfrog hits you but does no damage.
You closely miss the bullfrog.
You are no longer berserk.
You are exhausted.
You feel yourself slow down.
You feel very sick. The bullfrog closely misses you.
The bullfrog barely misses you.
The orc priest calls down the wrath of Beogh upon you.
Beogh smites you!
* * * LOW HITPOINT WARNING * * *
You fail to use your ability.
You feel very sick.
The bullfrog hits you but does no damage.
The bullfrog hits you.
* * * LOW HITPOINT WARNING * * *
Unknown command.
You fail to use your ability.
You feel very sick.
The bullfrog hits you but does no damage.
The bullfrog hits you.
You die...

...#.......>.
.......#..#.#
...#...#..#.#
....#.##....#
.......#..#.#
##.....#..#.#
#..........#
######..###.######
................@#
###########.####F#
###.# #o# #...##
#oo....#
##.#..###..).....
#####..#...##.)∩)...#
#...#.##.#.##..)...##
##...#.......#......#
#....+...#.#.##.#####


You could see an orc warrior, a bullfrog, an orc priest and an orc.

Vanquished Creatures
  The ghost of styxcanada the Covert, a novice SpBr (D:6)
  Sigmund (D:2)
  A steam dragon (D:6)
  An ice beast (D:5)
  2 ogres
  A phantom (D:6)
  A necrophage (D:5)
  A bullfrog (D:6)
  3 scorpions
  2 wights (D:5)
  4 hounds
  A jelly (D:5)
  3 orc priests
  Jessica (D:3)
  2 iguanas
  Natasha (twice) (D:4)
  6 orc wizards
  6 adders
  2 shadow imps (D:6)
  2 white imps
  An ufetubus (D:5)
  A worm (D:3)
  4 dart slugs
  13 orcs
  7 ball pythons
  8 endoplasms
  2 giant cockroaches
  4 goblins
  4 hobgoblins
  2 jackals (D:3)
  A quokka (D:4)
  15 frilled lizards
  10 kobolds
  4 rats
119 creatures vanquished.

Vanquished Creatures (others)
  7 plants
7 creatures vanquished.

Grand Total: 126 creatures vanquished

Notes
Turn   | Place    | Note
-------+----------+-------------------------------------------
     0 | D:1      | MysteronAgent613 the Troll Berserker began the quest for
                  | the Orb.
     0 | D:1      | Reached XP level 1. HP: 22/22 MP: 0/0
   111 | D:1      | Reached XP level 2. HP: 29/29 MP: 1/1
   278 | D:1      | Found a faded altar of an unknown god.
   925 | D:2      | Reached ** piety under Trog
   945 | D:2      | Found a broken altar of Ashenzari.
   960 | D:2      | Reached XP level 3. HP: 36/36 MP: 2/2
  1006 | D:2      | Noticed Sigmund
  1018 | D:2      | Killed Sigmund
  1019 | D:2      | Reached skill level 4 in Unarmed Combat
  1019 | D:2      | Reached XP level 4. HP: 45/45 MP: 3/3
  1019 | D:2      | Reached XP level 5. HP: 53/53 MP: 4/4
  1168 | D:3      | Reached skill level 1 in Armour
  1320 | D:3      | Identified the +5 whip "Wono" {vorpal, rPois Will+ Int-5}
  1521 | D:3      | Noticed Jessica
  1528 | D:3      | Killed Jessica
  1529 | D:3      | Reached skill level 1 in Stealth
  1529 | D:3      | Reached XP level 6. HP: 61/61 MP: 5/5
  1660 | D:4      | Reached skill level 5 in Unarmed Combat
  1758 | D:4      | Reached *** piety under Trog
  1877 | D:4      | Found an ornate altar of the Wu Jian Council.
  1914 | D:4      | Noticed Natasha
  1928 | D:4      | Killed Natasha
  2358 | D:4      | Noticed Natasha
  2367 | D:4      | Killed Natasha
  2368 | D:4      | Reached skill level 1 in Throwing
  2368 | D:4      | Reached XP level 7. HP: 65/67 MP: 6/6
  2388 | D:5      | Entered Level 5 of the Dungeon
  2452 | D:5      | Reached skill level 1 in Evocations
  2494 | D:5      | Reached skill level 6 in Unarmed Combat
  2526 | D:5      | Found a burning altar of Makhleb.
  2625 | D:5      | Found a stormy altar of Qazlal.
  2625 | D:5      | Found a basalt altar of Yredelemnul.
  2631 | D:5      | Reached **** piety under Trog
  2866 | D:5      | Reached XP level 8. HP: 49/76 MP: 7/7
  2965 | D:6      | Reached skill level 1 in Maces & Flails
  3168 | D:6      | Found Erim's Antique Weapon Emporium.
  3171 | D:6      | Bought a runed quarterstaff for 161 gold pieces
  3307 | D:6      | Found a broken altar of Ashenzari.
  3338 | D:6      | Found a hide-covered altar of Uskayaw.
  3360 | D:6      | Reached skill level 7 in Unarmed Combat
  3416 | D:6      | Found a runed translucent gate.
  3417 | D:6      | Found a runed translucent gate.
  3418 | D:6      | Found a runed translucent gate.
  3430 | D:6      | Noticed styxcanada's ghost (novice SpBr)
  3451 | D:6      | Killed styxcanada's ghost
  3452 | D:6      | Reached skill level 1 in Staves
  3452 | D:6      | Reached XP level 9. HP: 84/84 MP: 2/8
  3612 | D:7      | Found a staircase to the Ecumenical Temple.
  3714 | D:7      | Found a flagged portal.
  3731 | D:7      | Slain by a bullfrog

Illustrated notes

Levels and vault maps discovered:
D:1:      evilmike_arrival_fibonacci_small, layout_basic,
          shapermc_ecumenical_altar_pompeii, chequers_serial_rivers_large_a
D:2:      layout_loops_cross, basic_altar, serial_forest,
          infiniplex_forest_clump_diagonal, infiniplex_forest_clump_cross,
          infiniplex_forest_pool, infiniplex_forest_lined_2,
          infiniplex_forest_clump_small, minmay_unequal, uniq_sigmund
D:3:      layout_basic, uniq_jessica
D:4:      layout_rooms, mainiacjoe_overflow_six_doors_small,
          grunt_decor_arrowhead, minmay_lizard_king, uniq_natasha
D:5:      layout_basic, mainiacjoe_overflow_boulevard,
          amethyst_overflow_temple_binary, kennysheep_small_square
D:6:      layout_loops_corners, nicolae_overflow_quartered_altars, serial_shops,
          kennysheep_mini_moat, ebering_ghost_rock_garden, minivault_25,
          nicolae_specific_store
D:7:      layout_basic, minmay_temple_entry_slanted, enter_bailey_2,
          hangedman_decor_lopped, wad_floor_pattern_untrapped, minmay_hedge_maze

Skill      XL: |  1  2  3  4  5  6  7  8 |
---------------+-------------------------+-----
Fighting       | 3 4 |  4.0
Dodging        | 3 4 |  4.9
Unarmed Combat | 4 5 6 7 |  7.3
Armour         | 1 2 |  2.5
Stealth        | 1 |  1.9
Throwing       | 1 2 |  2.4
Evocations     | 1 2 |  2.0
Maces & Flails | 1 |  1.6
Staves         | 1 |  1.2

Action                   |  1- 3 |  4- 6 |  7- 9 || total
-------------------------+-------+-------+-------++-------
Melee: Unarmed           |    68 |   133 |    85 ||   286
       Punch             |       |     6 |     3 ||     9
       Giant spiked club |       |       |    30 ||    30
       Quarterstaff      |       |       |    20 ||    20
Throw: Dart              |       |    12 |     7 ||    19
Invok: Berserk           |     1 |     3 |     4 ||     8
Evoke: Wand              |       |     2 |     4 ||     6
  Use: Scroll            |     3 |     4 |     7 ||    14
       Potion            |       |       |     4 ||     4
 Stab: Sleeping          |       |     2 |     1 ||     3
       Distracted        |       |     1 |       ||     1
Armor: Animal skin       |    24 |       |       ||    24
       Robe              |       |    49 |    68 ||   117
       Steam dragon scal |       |       |    10 ||    10
Dodge: Dodged            |    37 |    78 |   120 ||   235
